 Dungeon Crawl Stone Soup version 0.29.1-15-g9cfb28693d (webtiles) character file.

Game seed: 12469997237380003193

133 leafyfresh the Sneak (level 5, 0/31 HPs)
             Began as an Octopode Earth Elementalist on Feb 24, 2023.
             Slain by an ogre
             ... wielding a +0 giant club
              (31 damage)
             ... on level 5 of the Dungeon.
             The game lasted 00:03:51 (3236 turns).

leafyfresh the Sneak (Octopode Earth Elementalist)  Turns: 3236, Time: 00:03:51

Health: 0/31       AC:  3    Str:  7    XL:     5   Next: 16%
Magic:  9/9        EV: 13    Int: 19    God:
Gold:   147        SH:  0    Dex: 13    Spells: 3/9 levels left

rFire   . . .      SeeInvis .   c - +0 dagger
rCold   . . .      Faith    .   (no shield)
rNeg    . . .      Spirit   .   m - +2 hat
rPois   +          Reflect  .   (no amulet)
rElec   +          Harm     .   s - ring "Feullobu" {rElec rPois}
rCorr   .          Rampage  .   (no ring)
Will    .....                   (no ring)
Stlth   ++++......              (no ring)
HPRegen 0.10/turn               (no ring)
MPRegen 0.11/turn               (no ring)
                                (no ring)
                                (no ring)

@: no status effects
A: almost no armour, amphibious, 8 rings, camouflage 1, gelatinous body 1,
(nimble swimmer 1), tentacles
a: no special abilities


You were on level 5 of the Dungeon.
You visited 1 branch of the dungeon, and saw 4 of its levels.

You collected 147 gold pieces.

Inventory:

Hand Weapons
 c - a +0 dagger (weapon)
 n - a +0 long sword of freezing
Missiles
 l - 4 curare-tipped darts (quivered)
Armour
 b - an orb of guile
 m - a +2 hat (worn)
Jewellery
 s - the ring "Feullobu" (left tentacle) {rElec rPois}
   (You found it on level 5 of the Dungeon)

   [ring of poison resistance]

   rElec:     It insulates you from electricity.
   rPois:     It protects you from poison.
Scrolls
 d - 2 scrolls of teleportation {unknown}
 e - 6 scrolls of identify {unknown}
 k - a scroll of torment {unknown}
 p - a scroll of silence {unknown}
 q - 2 scrolls of poison {unknown}
 r - a scroll of fog {unknown}
Potions
 a - a potion of magic
 f - 3 potions of cancellation {unknown}
 g - 3 potions of brilliance {unknown}
 h - 3 potions of heal wounds {unknown}
 i - 2 potions of curing {unknown}
 j - a potion of flight {unknown}
 o - a potion of resistance {unknown}
 t - 2 potions of berserk rage {unknown}
 u - a potion of haste {unknown}
 v - a potion of lignification {unknown}


   Skills:
 - Level 2.0 Dodging
 + Level 4.4 Stealth
 + Level 2.8 Spellcasting
 + Level 2.5 Transmutations
 + Level 3.8 Earth Magic


You had 3 spell levels left.
You knew the following spells:

 Your Spells              Type           Power      Damage    Failure   Level
a - Sandblast             Erth           34%        2d9       3%          1
b - Passwall              Tmut/Erth      11%        N/A       6%          2
c - Stone Arrow           Conj/Erth      18%        3d8       22%         3

Your spell library contained the following spells:

 Spells                   Type           Power      Damage    Failure   Level
 Scorch                   Fire           4%         2d5       24%         2
 Ignite Poison            Fire/Tmut/Pois 5%         N/A       32%         3
 Conjure Flame            Conj/Fire      2%         6-21      43%         3
 Gell's Gravitas          Tloc           2%         N/A       43%         3
 Lesser Beckoning         Tloc           2%         N/A       43%         3
 Teleport Other           Tloc           2%         N/A       43%         3
 Petrify                  Tmut/Erth      14%        N/A       38%         4
 Flame Wave               Conj/Fire      2%         2d4       83%         4
 Sticky Flame             Conj/Fire      2%         2d3       83%         4
 Summon Cactus Giant      Summ           1%         N/A       100%        6


Dungeon Overview and Level Annotations

Branches:
Dungeon (3/15)

Altars:

Shops:
D:3 (=**(

Annotations:
D:5 Grinder


Innate Abilities, Weirdness & Mutations

You cannot wear most types of armour.
You are amphibious.
You can wear up to eight rings at the same time.
Your skin changes colour to match your surroundings (Stealth+).
Your rubbery body absorbs attacks. (AC +1, EV +1)
((You are camouflaged when in or above water. (Stealth+)))
You have tentacles for arms and can constrict up to eight enemies at once.


Message History

Found a stone staircase leading down.
No target in view!
v - a golden potion No target in view!
You open the door.
There is an open door here.
There is an open door here.
Grinder comes into view.
Unknown command.
Unknown command.
You open the door.
Found a scroll labelled WUKHUTHR SEWKI.
There is an open door here.
You close the door.
Found 13 gold pieces.
q - 2 scrolls labelled WUKHUTHR SEWKI (gained 1)
You now have 145 gold pieces (gained 13).
A gnoll comes into view. It is wielding a +0 spear.
A gnoll is nearby!
A gnoll bouda and a gnoll come into view.
Unknown command.
A gnoll comes into view. It is wielding a +0 spear.
The gnoll bouda shouts!
You hear a shout! x2
A gnoll bouda is nearby!
Unknown command.
Found a bubbling blue potion.
Found 2 gold pieces.
The gnoll bouda barks out a call to the hunt!
You hear a shout!
You now have 147 gold pieces (gained 2).
You open the door.
There is an open door here.
You close the door.
As you open the large door, it creaks loudly!
An ogre comes into view. It is wielding a +0 giant club.
You hit the ogre. Your squeeze misses the ogre.
The ogre is lightly wounded.
The ogre hits you with a +0 giant club!!
Ouch! That really hurt!
You die...

~~
~........≈≈.##.##
~≈~#......#≈≈g..#
~~###....###~#.##
P~~#......#.~.##
..~~..!....~~##
#.~......~~##
#~~.....###
#####+### #.@#
#'O# #.... #....#
#....# #....#
.####. ~# #


You could see an ogre.

Vanquished Creatures
  4 adders
  2 worms (D:3)
  7 dart slugs
  7 endoplasms
  3 giant cockroaches
  6 goblins
  5 hobgoblins
  8 jackals
  7 kobolds
  A quokka (D:1)
  5 ball pythons
  8 bats
  3 frilled lizards
  8 rats
74 creatures vanquished.

Vanquished Creatures (others)
  4 plants
4 creatures vanquished.

Grand Total: 78 creatures vanquished

Notes
Turn   | Place    | Note
-------+----------+-------------------------------------------
     0 | D:1      | leafyfresh the Octopode Earth Elementalist began the quest
                  | for the Orb.
     0 | D:1      | Reached XP level 1. HP: 11/11 MP: 3/3
   154 | D:1      | Reached skill level 3 in Stealth
   154 | D:1      | Reached XP level 2. HP: 17/17 MP: 5/5
   518 | D:1      | Reached XP level 3. HP: 7/21 MP: 4/6
  1705 | D:2      | Reached XP level 4. HP: 27/27 MP: 7/7
  1730 | D:2      | Found a faded altar of an unknown god.
  1862 | D:2      | Reached skill level 4 in Stealth
  2356 | D:3      | Found Efusacvi's General Store.
  2396 | D:3      | Learned a level 2 spell: Passwall
  2400 | D:3      | Learned a level 3 spell: Stone Arrow
  2558 | D:3      | Found Jiel's Weapon Emporium.
  2730 | D:3      | Found Hyrixor's General Store.
  2773 | D:3      | Found Ukay's Weapon Shoppe.
  2895 | D:3      | Reached XP level 5. HP: 24/31 MP: 9/9
  3082 | D:3      | Found Renn's Jewellery Boutique.
  3111 | D:3      | You fall into a shaft and drop 2 floors!
  3111 | D:5      | Entered Level 5 of the Dungeon
  3115 | D:5      | Identified the ring "Feullobu" {rElec rPois}
  3188 | D:5      | Noticed Grinder
  3235 | D:5      | Noticed an ogre
  3236 | D:5      | Slain by an ogre

Illustrated notes

Levels and vault maps discovered:
D:1:      roderic_chinese_lattice_arrival, layout_basic, st_stairs_12
D:2:      layout_basic, ebering_ecumenical_altar_mist
D:3:      layout_loops_ring, serial_shops, shop, shop,
          nicolae_shop_hallway_stairs, nicolae_shop_behind_doors, shop,
          chequers_big_river, minmay_cupped
D:5:      wad_lake_hut, layout_basic, mainiacjoe_overflow_catch_the_wave,
          minmay_misc_feat_room, uniq_grinder, uniq_blork_the_orc

Skill      XL: |  1  2  3  4 |
---------------+-------------+-----
Stealth        | 3 4 |  4.4
Transmutations | 2 |  2.5
Dodging        | |  2.0
Spellcasting   | |  2.8
Earth Magic    | |  3.8

Action                   |  1- 3 |  4- 6 || total
-------------------------+-------+-------++-------
Melee: Dagger            |    59 |    79 ||   138
       Constrict         |    15 |    20 ||    35
       Tentacles         |    13 |    16 ||    29
       Unarmed           |     1 |       ||     1
       Punch             |       |     1 ||     1
 Cast: Sandblast         |    16 |       ||    16
 Stab: Sleeping          |    12 |    10 ||    22
Armor: Skin              |     3 |     9 ||    12
Dodge: Dodged            |    35 |    50 ||    85
